 Dungeon Crawl Stone Soup version 0.30-a0-715-gdb4ae3ece1 (webtiles) character file.

Game seed: 1403065255075726520

238 PyroL the Changer (level 6, -6/38 HPs)
             Began as an Octopode Transmuter on Jan 23, 2023.
             Splashed by a jelly's acid (8 damage)
             ... on level 3 of the Dungeon.
             The game lasted 00:05:56 (2914 turns).

PyroL the Changer (Octopode Transmuter)             Turns: 2914, Time: 00:05:57

Health: -6/38      AC: -3    Str:  9    XL:     6   Next: 7%
Magic:  6/11       EV: 13    Int: 18    God:
Gold:   125        SH:  0    Dex: 12    Spells: 6/12 levels left

rFire   . . .      SeeInvis .      - Unarmed
rCold   + . .      Faith    .    (no shield)
rNeg    . . .      Spirit   .    (helmet currently unavailable)
rPois   .          Reflect  .    (no amulet)
rElec   .          Harm     .    c - +4 ring of protection
rCorr   .          Rampage  .    l - ring of protection from cold
Will    .....                    (no ring)
Stlth   ++                       (no ring)
HPRegen 0.26/turn                (no ring)
MPRegen 0.12/turn                (no ring)
                                 (no ring)
                                 (no ring)

@: lethally poisoned (-6 -> -8), about to teleport, appendages, wereblooded,
corroded, flying, very slightly contaminated
A: tentacle spike 3, almost no armour, amphibious, 8 rings, camouflage 1,
gelatinous body 1, (nimble swimmer 1), tentacles
a: End Transformation


You were on level 3 of the Dungeon.
One of your tentacles had grown a beastly spike.
You visited 1 branch of the dungeon, and saw 4 of its levels.

You collected 125 gold pieces.

Inventory:

Missiles
 p - 5 curare-tipped darts
Jewellery
 c - a +4 ring of protection (left tentacle)
 l - a ring of protection from cold (right tentacle)
Scrolls
 b - a scroll of amnesia
 e - a scroll of fog {unknown}
 f - a scroll of blinking {unknown}
 g - a scroll of magic mapping {unknown}
 h - a scroll of identify
 k - 2 scrolls of teleportation
 n - a scroll of fear {unknown}
 o - a scroll of torment {unknown}
Potions
 a - a potion of lignification
 d - 2 potions of cancellation
 i - a potion of flight
 j - 2 potions of heal wounds {unknown}
 m - a potion of degeneration {unknown}


   Skills:
 - Level 1.0 Fighting
 - Level 2.0 Dodging
 - Level 3.0 Unarmed Combat
 + Level 3.8 Spellcasting
 + Level 4.1 Transmutations
 - Level 3.0 Poison Magic


You had 6 spell levels left.
You knew the following spells:

 Your Spells              Type           Power      Damage    Failure   Level
a - Beastly Appendage     Tmut           36%        N/A       2%          1
b - Wereblood             Tmut           18%        N/A       4%          2
c - Spider Form           Tmut/Pois      16%        N/A       11%         3

Your spell library contained the following spells:

 Spells                   Type           Power      Damage    Failure   Level
 Portal Projectile        Hex/Tloc       6%         N/A       41%         3
 Tukima's Dance           Hex            3%         N/A       41%         3
 Ice Form                 Ice/Tmut       10%        N/A       54%         4
 Blade Hands              Tmut           9%         N/A       61%         5


Dungeon Overview and Level Annotations

Branches:
Dungeon (4/15)
 Temple: D:4-7

Altars:

Shops:
D:3 (

Annotations:
D:4 Grinder


Innate Abilities, Weirdness & Mutations

One of your tentacles has grown a beastly spike.
You cannot wear most types of armour.
You are amphibious.
You can wear up to eight rings at the same time.
Your skin changes colour to match your surroundings (Stealth+).
Your rubbery body absorbs attacks. (AC +1, EV +1)
((You are camouflaged when in or above water. (Stealth+)))
You have tentacles for arms and can constrict up to eight enemies at once.


Message History

The quokka misses you.
You barely miss the quokka. Your grab misses the quokka.
You pierce the quokka.
The quokka is almost dead.
The quokka bites you.
You closely miss the quokka. You grab the quokka.
You pierce the quokka.
You feel a bit better.
You kill the quokka!
You barely miss the jelly. You squeeze the jelly.
The jelly is moderately wounded.
The jelly hits you. The acid corrodes you!
You are splashed with acid!
You tentacle-slap the jelly but do no damage.
Your tentacles burn!
The jelly is moderately wounded.
The jelly hits you.
You are splashed with acid!
* * * LOW HITPOINT WARNING * * *
You are too injured to fight recklessly!
You are too injured to fight recklessly!
The jelly misses you.
You climb upwards.
There is a stone staircase leading down here.
Casting: Beastly Appendage (safe; 2% risk of failure)
Confirm with . or Enter, or press ? or * to list all spells.
You miscast Spider Form.
You are very lightly contaminated with residual magic.
You feel incredibly sick!
You are poisoned.
* * * LOW HITPOINT WARNING * * *
x2 You feel sick.
The jelly barely misses you.
As you read the scroll labelled KOHURA MYNTOG, it crumbles to dust.
You feel strangely unstable.
It was a scroll of teleportation.
* * * LOW HITPOINT WARNING * * *
You feel sick. The jelly misses you.
It was a potion of flight.
You feel very buoyant.
You fly up into the air.
* * * LOW HITPOINT WARNING * * *
You feel sick. The jelly hits you.
* * * LOW HITPOINT WARNING * * *
The acid corrodes you!
You are splashed with acid!
You die...

#.P∩P..# ##### #.
#..P...## #P.P# ##.
#.......# ##########..
####..#.#####........[..
#...#.<.....#######[#.
#.#####.##### #####.#.
#...#...# #.......
###.#J### ###.###.##
#..@# #......... #.###
#.#.###### #.# #.#.# #.#
###.#.# #.# #.....# #.#
#.#..## #.# #.##.# ##.##
#.##.# ##...## #.##.#


You could see a jelly.

Vanquished Creatures
  A scorpion (D:3)
  A hound (D:3)
  An orc wizard (D:3)
  2 gnolls
  3 adders
  4 dart slugs
  2 orcs (D:3)
  10 endoplasms
  4 giant cockroaches
  6 hobgoblins
  7 kobolds
  A quokka (D:4)
  6 ball pythons
  5 bats (D:1)
  3 frilled lizards
  7 goblins
  4 rats
67 creatures vanquished.

Notes
Turn   | Place    | Note
-------+----------+-------------------------------------------
     0 | D:1      | PyroL the Octopode Transmuter began the quest for the Orb.
     0 | D:1      | Reached XP level 1. HP: 13/13 MP: 3/3
    14 | D:1      | You fall into a shaft and drop 1 floor!
   172 | D:2      | Reached XP level 2. HP: 18/18 MP: 3/5
   179 | D:2      | Reached skill level 1 in Poison Magic
   341 | D:1      | Learned a level 2 spell: Wereblood
   354 | D:1      | Reached XP level 3. HP: 22/23 MP: 4/6
   956 | D:2      | Reached XP level 4. HP: 25/28 MP: 6/8
  1298 | D:3      | Reached skill level 3 in Transmutations
  1767 | D:3      | Found Ihast's Antique Weapon Shop.
  1872 | D:3      | Reached XP level 5. HP: 28/33 MP: 6/9
  1878 | D:3      | Learned a level 3 spell: Spider Form
  2716 | D:4      | Noticed Grinder
  2730 | D:3      | Reached skill level 4 in Transmutations
  2730 | D:3      | Reached XP level 6. HP: 34/38 MP: 7/11
  2914 | D:3      | Splashed by a jelly's acid

Illustrated notes

Levels and vault maps discovered:
D:1:      minmay_arrival_plants_in_alcoves, layout_rooms
D:2:      layout_rooms, minmay_misc_feat_hallway
D:3:      layout_loops_ring, serial_aquarium, aquarium_bridge_straight
          [aquarium_subvault_bridge, aquarium_subvault_balcony,
          aquarium_subvault_bridge, aquarium_subvault_balcony],
          aquarium_bridge_square [aquarium_subvault_window,
          aquarium_subvault_bridge, aquarium_subvault_window,
          aquarium_subvault_bridge], aquarium_window_2, aquarium_window_1,
          aquarium_window_1, aquarium_view_2c, serial_shops,
          nicolae_shop_overgrown_old_shop
D:4:      layout_rooms, temple_pool_b, uniq_grinder

Skill      XL: |  1  2  3  4  5 |
---------------+----------------+-----
Poison Magic   | 1 2 3 |  3.0
Transmutations | 3 4 |  4.1
Spellcasting   | 3 |  3.8
Fighting       | |  1.0
Dodging        | |  2.0
Unarmed Combat | |  3.0

Action                     |  1- 3 |  4- 6 || total
---------------------------+-------+-------++-------
  Melee: Unarmed           |    81 |    85 ||   166
         Kick              |    26 |    20 ||    46
         Constrict         |    18 |    19 ||    37
         Tentacles         |     8 |    12 ||    20
         Punch             |       |     1 ||     1
   Cast: Beastly Appendage |    21 |    22 ||    43
         Wereblood         |       |     4 ||     4
         Spider Form       |       |     3 ||     3
    Use: Scroll            |     3 |     1 ||     4
         Potion            |     1 |     1 ||     2
   Stab: Sleeping          |     1 |     3 ||     4
 Armour: Skin              |    19 |    27 ||    46
  Dodge: Dodged            |    56 |    75 ||   131

Table legend: (Time is in decaauts)
 A = Elapsed time spent in this place.
 B = Non-inter-level travel time spent in this place.
 C = Inter-level travel time spent in this place.
 D = Time resting spent in this place.
 E = Time spent auto-exploring this place.
 F = Levels seen in this place.
 G = Mean time per level.
                   A        B        C        D        E       F      G
               +--------+--------+--------+--------+--------+-----+--------+
         Total |   2907 |   2733 |    174 |    590 |   1474 |   4 |  726.8 |
       Dungeon |   2907 |   2733 |    174 |    590 |   1474 |   4 |  726.8 |
               +--------+--------+--------+--------+--------+-----+--------+

Top non-repeatable levels by time:
     D:3: 1314 daAuts
     D:2: 861 daAuts
     D:1: 666 daAuts
     D:4: 65 daAuts
